 Dungeon Crawl Stone Soup version 0.29-a0-1027-gcd8c55af63 (webtiles) character file.

Game seed: 12786535074490114843

785 27heaven the Conjurer (level 7, -2/49 HPs)
             Began as a Palentonga Conjurer on Aug 13, 2022.
             Was a Believer of Sif Muna.
             Slain by a gnoll
             ... wielding a +0 halberd
             ... led by a gnoll bouda
              (11 damage)
             ... on level 5 of the Dungeon.
             The game lasted 00:10:37 (6026 turns).

27heaven the Conjurer (Palentonga Conjurer)         Turns: 6026, Time: 00:10:38

Health: -2/49      AC: 14    Str: 13    XL:     7   Next: 56%
Magic:  2/12       EV:  9    Int: 20    God:    Sif Muna [**....]
Gold:   180        SH:  0    Dex:  8    Spells: 4/13 levels left

rFire   . . .      SeeInvis +   B - +2 quarterstaff (chaos)
rCold   . . .      Faith    .   (shield currently unavailable)
rNeg    . . .      Spirit   .   a - +0 robe
rPois   +          Reflect  .   y - +0 helmet
rElec   .          Harm     .   A - +0 cloak
rCorr   .          Rampage  .   p - +0 pair of gloves
Will    .....                   (no barding)
Stlth   +.........              (no amulet)
HPRegen 0.16/turn               w - ring of poison resistance
MPRegen 0.13/turn               (no ring)

@: curled up
A: large, rugged brown scales 3, see invisible, deformed body, roll 1, armoured
tail, reflexive curl
a: Rolling Charge, Renounce Religion, Channel Magic


You were on level 5 of the Dungeon.
You worshipped Sif Muna.
Sif Muna was pleased with you.
You visited 1 branch of the dungeon, and saw 5 of its levels.

You collected 206 gold pieces.
You spent 26 gold pieces at shops.

Inventory:

Hand Weapons
 e - a +0 mace
 B - a +2 quarterstaff of chaos (weapon)
Armour
 a - a +0 robe (worn)
 j - a scarf of shadows
 o - a +0 plate armour
 p - a +0 pair of gloves (worn)
 y - a +0 helmet (worn)
 A - a +0 cloak (worn)
Magical Staves
 q - a staff of death
Jewellery
 w - a ring of poison resistance (left hand)
Scrolls
 d - 4 scrolls of teleportation
 f - 2 scrolls of noise
 l - 2 scrolls of poison
 m - a scroll of silence
 n - a scroll of torment
 r - a scroll of fear
 t - 2 scrolls of magic mapping
Potions
 b - a potion of magic
 g - 4 potions of degeneration
 h - 2 potions of brilliance {unknown}
 i - a potion of berserk rage {unknown}
 k - 3 potions of curing
 s - a potion of attraction {unknown}
 u - a potion of invisibility {unknown}
 v - a potion of mutation {unknown}
 x - a potion of heal wounds {unknown}
 z - a potion of lignification {unknown}


   Skills:
 - Level 0.2 Fighting
 + Level 2.7 Staves
 - Level 1.5 Dodging
 - Level 1.2 Stealth
 + Level 3.8 Spellcasting
 + Level 4.8 Conjurations
 + Level 1.3 Hexes
 + Level 2.7 Necromancy
 + Level 1.0 Air Magic
 + Level 3.3 Invocations
 + Level 2.5 Evocations


You had 4 spell levels left.
You knew the following spells:

 Your Spells              Type           Power      Damage    Failure   Level
a - Magic Dart            Conj           92%        1d7       1%          1
b - Dazzling Flash        Conj/Hex       32%        N/A       11%         3
c - Searing Ray           Conj           46%        2d6       2%          2
d - Swiftness             Air            8%         N/A       26%         3

Your spell library contained the following spells:

 Spells                   Type           Power      Damage    Failure   Level
 Shock                    Conj/Air       60%        1d6       4%          1
 Poisonous Vapours        Pois/Air       10%        N/A       16%         2
 Fulminant Prism          Conj/Hex       8%         3d7       36%         4
 Iskenderun's Mystic Bla  Conj/Tloc      13%        2d5       43%         4
 Corpse Rot               Necr/Pois/Air  8%         N/A       61%         4
 Airstrike                Air            4%         2d(1-17)  63%         4


Dungeon Overview and Level Annotations

Branches:
Dungeon (5/15)
 Temple: D:4-7

Altars:
Gozag
Sif Muna
Wu Jian

Shops:
D:5 !*


Innate Abilities, Weirdness & Mutations

You are completely covered in rugged brown scales. (AC +3, +7% HP)
You have supernaturally acute eyesight. (SInv)
Armour fits poorly on your strangely shaped body.
You can roll at nearby foes to attack.
You have a long armoured tail.
You curl defensively after being hit. (AC +7*)


Message History

Casting: Searing Ray (safe; 3% risk of failure)
Confirm with . or Enter, or press ? or * to list all spells.
Aiming: Searing Ray (safe; 3% risk of failure)
Press: ? - help, Shift-Dir - straight line, f/p - Dowan
Aim: Dowan, wielding a +0 dagger and wearing a +0 robe (severely wounded, 69% to hit)
The searing ray hits Duvessa but does no damage.
Duvessa is severely wounded.
The searing ray hits Dowan!
Dowan is almost dead. (Press . to maintain the ray.)
The gnoll hits you from afar with a +0 halberd!
* * * LOW HITPOINT WARNING * * *
Duvessa completely misses you.
Unknown command.
The searing ray hits Duvessa.
Duvessa is almost dead.
The searing ray misses Dowan.
Duvessa hits you with a +2 rapier of venom.
* * * LOW HITPOINT WARNING * * *
You are lethally poisoned!
The gnoll barely misses you.
The searing ray hits Duvessa!
You kill Duvessa!
Sif Muna accepts your kill.
Dowan seems overcome with grief.
Dowan seems to find hidden reserves of power!
The searing ray hits Dowan!
You kill Dowan!
Sif Muna accepts your kill.
* * * LOW HITPOINT WARNING * * *
You feel very sick. The gnoll closely misses you.
Your Air Magic skill increases to level 1!
Unknown command.
Unknown command.
You feel better.
The gnoll hits you from afar with a +0 halberd.
* * * LOW HITPOINT WARNING * * *
The gnoll hits you with a +0 halberd!
You die...

###.# #) ....# #.
..#.#
.#####.########
..+..
...............
..#.# #.# ..#.# #.#
#.#.#### #######.#
.<.∩.8.# #.....g<#
#.#.##.# #.#####@#
#.#.#..###.#####.#
#.#..÷............#
#.######......##.##
#.# ###......##.#
#.# #.).........#
..# #.#......####
### #.#......#
#.#......#


You could see a gnoll.

Vanquished Creatures
  Duvessa (D:5)
  2 ogres
  A phantom (D:4)
  2 scorpions
  Dowan (D:5)
  Crazy Yiuf (D:5)
  A hound (D:5)
  A jelly (D:4)
  2 iguanas (D:4)
  A gnoll (D:5)
  4 adders
  An ufetubus (D:4)
  4 worms
  2 dart slugs (D:1)
  6 orcs
  2 bats
  7 endoplasms
  5 giant cockroaches
  3 goblins
  A hobgoblin (D:1)
  2 jackals (D:3)
  6 quokkas
  3 ball pythons
  4 frilled lizards
  4 kobolds
  4 rats
71 creatures vanquished.

Vanquished Creatures (others)
  5 plants (D:5)
5 creatures vanquished.

Grand Total: 76 creatures vanquished

Notes
Turn   | Place    | Note
-------+----------+-------------------------------------------
     0 | D:1      | 27heaven the Palentonga Conjurer began the quest for the
                  | Orb.
     0 | D:1      | Reached XP level 1. HP: 13/13 MP: 3/3
   159 | D:1      | Found a faded altar of an unknown god.
   162 | D:1      | Prayed at the altar of an unknown god.
   162 | D:1      | Became a worshipper of Sif Muna the Loreminder
   162 | D:1      | Reached * piety under Sif Muna
   323 | D:1      | Reached XP level 2. HP: 20/20 MP: 0/5
  1701 | D:2      | Reached skill level 4 in Conjurations
  1775 | D:2      | Reached XP level 3. HP: 25/25 MP: 3/6
  1782 | D:2      | Reached skill level 1 in Invocations
  2038 | D:2      | Learned a level 3 spell: Dazzling Flash
  2041 | D:2      | Learned a level 2 spell: Searing Ray
  3274 | D:3      | Noticed a bullfrog
  3574 | D:3      | Found an ornate altar of the Wu Jian Council.
  3575 | D:3      | Found an opulent altar of Gozag.
  3734 | D:4      | Noticed a scorpion
  3747 | D:4      | Killed a scorpion
  3747 | D:4      | Reached ** piety under Sif Muna
  3748 | D:4      | Reached skill level 1 in Staves
  3748 | D:4      | Reached skill level 1 in Necromancy
  3748 | D:4      | Reached skill level 1 in Evocations
  3748 | D:4      | Reached XP level 4. HP: 7/32 MP: 0/8
  4212 | D:4      | Noticed an ogre
  4218 | D:4      | Killed an ogre
  4219 | D:4      | Reached XP level 5. HP: 33/37 MP: 0/9
  4547 | D:4      | Noticed a phantom
  4560 | D:4      | Killed a phantom
  4561 | D:4      | Reached XP level 6. HP: 38/43 MP: 1/10
  5203 | D:4      | Learned a level 3 spell: Swiftness
  5350 | D:5      | Entered Level 5 of the Dungeon
  5400 | D:5      | Found a runed translucent door.
  5401 | D:5      | Noticed Crazy Yiuf
  5411 | D:5      | Killed Crazy Yiuf
  5595 | D:5      | Gained mutation: You curl defensively after being hit. (AC
                  | +7*) [Palentonga growth]
  5595 | D:5      | Reached XP level 7. HP: 49/49 MP: 8/12
  5635 | D:5      | Found Dabbiomy's Distillery.
  5705 | D:5      | Found Ukliokeh's General Store.
  5716 | D:5      | Bought a scroll of identify for 26 gold pieces
  5808 | D:5      | Reached skill level 1 in Hexes
  5960 | D:5      | Noticed Dowan
  5965 | D:5      | Noticed Duvessa
  6024 | D:5      | Killed Duvessa
  6024 | D:5      | Killed Dowan
  6025 | D:5      | Reached skill level 1 in Air Magic
  6026 | D:5      | Slain by a gnoll

Illustrated notes

Levels and vault maps discovered:
D:1:      evilmike_arrival_hilbert_curve, layout_basic,
          shapermc_ecumenical_altar_mp_vishouse
D:2:      layout_basic, minmay_misc_feat_iff, minmay_tetromino_s4
D:3:      layout_loops_ring, mainiacjoe_overflow_divided_tiny,
          lightli_corner_chamber
D:4:      layout_basic
D:5:      layout_basic, serial_shops, nicolae_diamond_shop,
          nicolae_shop_hallway_stairs, shop_statue, minmay_misc_feat_alley,
          serial_park_tiny_2, nicolae_grassy_gnolls, uniq_duvessa,
          uniq_crazy_yiuf_cottage, uniq_blork_the_orc

Skill      XL: |  1  2  3  4  5  6  7 |
---------------+----------------------+-----
Conjurations   | 4 |  4.8
Invocations    | 1 2 3 |  3.3
Staves         | 1 2 |  2.7
Necromancy     | 1 2 |  2.7
Evocations     | 1 2 |  2.5
Spellcasting   | 3 |  3.8
Hexes          | 1 |  1.3
Air Magic      | 1 |  1.0
Fighting       | |  0.2
Dodging        | |  1.5
Stealth        | |  1.2

Action                   |  1- 3 |  4- 6 |  7- 9 || total
-------------------------+-------+-------+-------++-------
Melee: Mace              |     2 |       |       ||     2
       Staff             |    24 |    14 |       ||    38
       Tailslap          |     4 |     2 |       ||     6
       Quarterstaff      |       |     1 |       ||     1
 Cast: Magic Dart        |    88 |    41 |    12 ||   141
       Searing Ray       |     4 |    14 |     5 ||    23
       Dazzling Flash    |       |     1 |       ||     1
  Use: Potion            |     1 |       |     1 ||     2
       Scroll            |       |       |     8 ||     8
 Stab: Sleeping          |     1 |       |       ||     1
Armor: Robe              |    10 |     4 |       ||    14
Dodge: Dodged            |    18 |    13 |     6 ||    37

Table legend: (Time is in decaauts)
 A = Elapsed time spent in this place.
 B = Non-inter-level travel time spent in this place.
 C = Inter-level travel time spent in this place.
 D = Time resting spent in this place.
 E = Time spent auto-exploring this place.
 F = Levels seen in this place.
 G = Mean time per level.
                   A        B        C        D        E       F      G
               +--------+--------+--------+--------+--------+-----+--------+
         Total |   6032 |   5899 |    133 |    285 |   4960 |   5 | 1206.4 |
       Dungeon |   6032 |   5899 |    133 |    285 |   4960 |   5 | 1206.4 |
               +--------+--------+--------+--------+--------+-----+--------+

Top non-repeatable levels by time:
     D:2: 1464 daAuts
     D:4: 1417 daAuts
     D:1: 1361 daAuts
     D:3: 1156 daAuts
     D:5: 631 daAuts
